 Dungeon Crawl Stone Soup version 0.29-a0-275-g389c0b56f3 (webtiles) character file.

Game seed: 9841270725812692616

91 jmlagarto the Skirmisher (level 4, -1/41 HPs)
             Began as a Minotaur Abyssal Knight on Mar 10, 2022.
             Was a Priest of Lugonu.
             Killed from afar by an orc wizard (12 damage)
             ... with a puff of flame
             ... on level 2 of the Dungeon.
             The game lasted 00:04:31 (886 turns).

jmlagarto the Skirmisher (Minotaur Abyssal Knight)   Turns: 886, Time: 00:04:31

Health: -1/41      AC:  6    Str: 20    XL:     4   Next: 34%
Magic:  13/13      EV: 11    Int:  7    God:    Lugonu [***...]
Gold:   58         SH:  0    Dex: 10    Spells: 3/3 levels left

rFire   . . .      SeeInvis .   a - +1 mace
rCold   . . .      Faith    .   (no shield)
rNeg    . . .      Spirit   .   b - +0 leather armour
rPois   .          Reflect  .   (helmet restricted)
rElec   .          Harm     .   (no cloak)
rCorr   +          Rampage  .   c - +0 pair of gloves
Will    .....                   (no boots)
Stlth   ..........              (no amulet)
HPRegen 0.13/turn               e - ring of resist corrosion
MPRegen 0.13/turn               h - ring of magical power

@: confused
A: horns 2, retaliatory headbutt, claws 1, iridescent scales 1
a: Renounce Religion, Depart the Abyss, Bend Space, Banish


You were on level 2 of the Dungeon.
You worshipped Lugonu.
Lugonu was most pleased with you.
You visited 1 branch of the dungeon, and saw 2 of its levels.
You visited the Abyss 1 time.

You collected 58 gold pieces.

Inventory:

Hand Weapons
 a - a +1 mace (weapon)
 f - a +1 hunting sling of freezing
Missiles
 g - 33 stones (quivered)
Armour
 b - a +0 leather armour (worn)
 c - a +0 pair of gloves (worn)
Jewellery
 e - a ring of resist corrosion (left hand)
 h - a ring of magical power (right hand)
Scrolls
 d - 2 scrolls of blinking
Potions
 i - a potion of invisibility


   Skills:
 + Level 4.6 Fighting
 + Level 2.9 Maces & Flails
 + Level 1.2 Throwing
 + Level 3.2 Armour
 + Level 1.7 Dodging
 + Level 2.4 Invocations


You had 3 spell levels left.
You didn't know any spells.
Your spell library was empty.

Dungeon Overview and Level Annotations

Branches:
Dungeon (2/15)

Altars:


Innate Abilities, Weirdness & Mutations

You have a pair of horns on your head.
You reflexively headbutt those who attack you in melee.
You have sharp fingernails.
You are partially covered in iridescent scales. (AC +2)


Message History

The orc wizard is moderately wounded.
The orc closely misses you.
The orc wizard hits you with a +0 dagger.
The orc wizard closely misses you. The orc hits you with a +0 hand axe.
You hit the orc wizard.
The orc wizard is moderately wounded.
The orc hits you with a +0 hand axe.
* * * LOW HITPOINT WARNING * * *
The orc wizard casts a spell at you.
You are confused.
You bump into the rock wall.
The orc barely misses you.
The orc wizard mumbles some strange words.
The orc wizard flickers and vanishes!
Deactivating autopickup; reactivate with Ctrl-A.
You closely miss something. The orc barely misses you.
Something hits you but does no damage.
It was a potion of mutation.
You feel extremely strange.
Iridescent scales grow over part of your body.
Your fingernails lengthen.
Something hits you but does no damage. The orc hits you but does no damage.
You closely miss something. The orc hits you but does no damage.
Something hits you but does no damage. The orc barely misses you.
Something hits you.
* * * LOW HITPOINT WARNING * * *
You hit something. The orc closely misses you. Something hits you.
* * * LOW HITPOINT WARNING * * *
You hit the orc but do no damage. You headbutt the orc.
You kill the orc!
Lugonu accepts your kill.
You feel less confused. Something hits you but does no damage.
You miss something. Your headbutt misses something.
You hear some strange, mumbled words.
You are confused.
You're too confused to move!
Something hits you but does no damage.
You're too confused to move!
You hear some strange, mumbled words.
A puff of flame appears from out of thin air!
The puff of flame hits you!
You die...

..# #.# #.# #..
...... ##)##
#####.#.. .$.#
....#.#######))#
###.#.#.#........#
.....>..........@##
................){#
......#.#.........(..
........#.........###
..................#
......#.........[../
..#.#.#####...##..##
#####.# #.#.##..# #.#
..#... ..


There were no monsters in sight!

Vanquished Creatures
  An orc priest (D:2)
  2 adders (D:2)
  A worm (D:2)
  3 dart slugs
  3 orcs (D:2)
  4 endoplasms
  A giant cockroach (D:1)
  2 quokkas (D:1)
  6 ball pythons
  4 bats (D:1)
  A kobold (D:1)
  5 rats (D:1)
33 creatures vanquished.

Notes
Turn   | Place    | Note
-------+----------+-------------------------------------------
     0 | Abyss:1  | jmlagarto the Minotaur Abyssal Knight began the quest for
                  | the Orb.
     0 | Abyss:1  | Reached XP level 1. HP: 19/19 MP: 1/1
     6 | D:1      | Escaped the Abyss
   170 | D:1      | Reached skill level 4 in Fighting
   170 | D:1      | Reached XP level 2. HP: 27/27 MP: 2/2
   495 | D:1      | Reached *** piety under Lugonu
   636 | D:2      | Reached XP level 3. HP: 28/34 MP: 3/3
   862 | D:2      | Reached skill level 1 in Throwing
   862 | D:2      | Reached XP level 4. HP: 23/41 MP: 4/4
   880 | D:2      | Gained mutation: You are partially covered in iridescent
                  | scales. (AC +2) [potion of mutation]
   880 | D:2      | Gained mutation: You have sharp fingernails. [potion of
                  | mutation]
   886 | D:2      | Killed from afar by an orc wizard

Illustrated notes

Levels and vault maps discovered:
D:1:      dpeg_arrival_round_a, layout_rooms
D:2:      layout_loops_ring

Skill      XL: |  1  2  3 |
---------------+----------+-----
Invocations    | 2 |  2.4
Fighting       | 4 |  4.6
Armour         | 3 |  3.2
Throwing       | 1 |  1.2
Maces & Flails | |  2.9
Dodging        | |  1.7

Action                   |  1- 3 |  4- 6 || total
-------------------------+-------+-------++-------
Melee: Mace              |    44 |    15 ||    59
       Headbutt          |     7 |     1 ||     8
       Punch             |     1 |       ||     1
Throw: Boomerang         |    27 |       ||    27
       Stone             |    16 |     1 ||    17
       Dart              |       |     2 ||     2
  Use: Scroll            |     5 |       ||     5
       Potion            |     1 |     1 ||     2
Armor: Leather armour    |    14 |     9 ||    23
Dodge: Dodged            |    22 |    10 ||    32

Table legend: (Time is in decaauts)
 A = Elapsed time spent in this place.
 B = Non-inter-level travel time spent in this place.
 C = Inter-level travel time spent in this place.
 D = Time resting spent in this place.
 E = Time spent auto-exploring this place.
 F = Levels seen in this place.
 G = Mean time per level.
                   A        B        C        D        E       F      G
               +--------+--------+--------+--------+--------+-----+--------+
         Total |    909 |    863 |     46 |      0 |    624 |   3 |  303.0 |
       Dungeon |    903 |    857 |     46 |      0 |    623 |   2 |  451.5 |
         Abyss |      6 |      6 |      0 |      0 |      1 |   1 |    6.0 |
               +--------+--------+--------+--------+--------+-----+--------+

Top non-repeatable levels by time:
     D:1: 632 daAuts
     D:2: 271 daAuts
 Abyss:1: 6 daAuts
